 Dungeon Sprint DCSS version 0.27-a0-637-g3a9f0a9c12 (webtiles) character file.

Game seed: 9593818776022175545

67046 mhtbhm the Executioner (level 14, -33/240 HPs)
             Began as a Minotaur Fighter on Mar 14, 2021.
             Was the Champion of Trog.
             Killed from afar by a Hell Sentinel (58 damage)
             ... with an iron shot
             ... summoned by Dispater
             ... in the Dungeon (Sprint VII: "The Pits").
             The game lasted 00:14:17 (4065 turns).

mhtbhm the Executioner (Minotaur Fighter)           Turns: 4065, Time: 00:14:18

Health: -33/240    AC: 20    Str: 32    XL:     14   Next: 81%
Magic:  13/13      EV: 15    Int:  7    God:    Trog [******]
Gold:   36         SH: 20    Dex: 11    Spells: 13/13 levels left

rFire    + + .     SeeInvis .   a - +11 war axe "Kuiniem" {flame, rF++ Int+2}
rCold    . . .     Faith    .   c - +2 kite shield
rNeg     + . .     Spirit   .   b - +3 ring mail "Ytuurigo" {rN+ Will+ Regen+ Str+4}
rPois    .         Reflect  .   (helmet restricted)
rElec    .         Harm     .   A - +1 cloak
rCorr    .         Rampage  .   z - +1 pair of gloves
Will     ++++.     NoTele   +   (no boots)
Stlth    ..........             n - amulet of regeneration
HPRegen  3.50/turn              p - +3 ring of strength
MPRegen  0.13/turn              o - +3 ring of protection

@: mighty, berserking (expiring), regenerating, hasted, very quick
A: horns 2, retaliatory headbutt
a: Renounce Religion, Berserk, Trog's Hand, Brothers in Arms


You were in the Dungeon.
You worshipped Trog.
Trog was exalted by your worship.
You visited 1 branch You collected 36 gold pieces.

Inventory:

Hand Weapons
 a - the +11 war axe "Kuiniem" (weapon) {flame, rF++ Int+2}
   (Trog gifted it to you in the Dungeon)

   It has been specially enchanted to burn those struck by it, causing extra
   injury to most foes and up to half again as much damage against particularly
   susceptible opponents.
   Big, fiery blades are also staple armaments of hydra-hunters.
   It affects your intelligence (+2).
   It greatly protects you from fire.
 m - the +14 obsidian axe {vorpal, *Drain +Fly SInv}
   (Trog gifted it to you in the Dungeon)

   It inflicts extra damage upon your enemies.
   It lets you see invisible.
   It lets you fly.
   It causes draining when unequipped.
 B - the +8 lance "Wyrmbane" {slay drac, rPois rF+ rC+ AC+3}
   (You found it in the Dungeon)

   It affects your AC (+3).
   It protects you from fire.
   It protects you from cold.
   It protects you from poison.
Missiles
 y - 21 silver javelins (quivered)
Armour
 b - the +3 ring mail "Ytuurigo" (worn) {rN+ Will+ Regen+ Str+4}
   (You found it in the Dungeon)

   It affects your strength (+4).
   It protects you from negative energy.
   It affects your willpower, your defense against some magical effects.
   It increases your rate of regeneration.
 c - a +2 kite shield (worn)
 z - a +1 pair of gloves (worn)
 A - a +1 cloak (worn)
Jewellery
 n - an amulet of regeneration (around neck)
 o - a +3 ring of protection (left hand)
 p - a +3 ring of strength (right hand)
 v - a ring of fire
Wands
 x - a wand of mindburst (13)
Scrolls
 j - a scroll of blinking
 l - a scroll of summoning
 r - 4 scrolls of enchant armour
 s - 7 scrolls of identify
 t - a scroll of fear
 u - 2 scrolls of enchant weapon
Potions
 d - a potion of might
 e - 9 potions of curing
 f - 8 potions of heal wounds
 g - 3 potions of haste
 h - 4 potions of magic
 i - 6 potions of berserk rage
 k - a potion of invisibility
 q - 2 potions of resistance


   Skills:
 + Level 24.7 Fighting
 + Level 24.8 Axes
 + Level 3.8 Throwing
 + Level 18.6 Armour
 + Level 11.2 Dodging
 - Level 0.3 Stealth
 + Level 22.4 Shields


You had 13 spell levels left.
You didn't know any spells.
Your spell library was empty.

Dungeon Overview and Level Annotations

Branches:
Dungeon (1/1)

Altars:
Cheibriados
Dithmenos
Elyvilon
Fedhas
Gozag
Hepliaklqana
Makhleb
Nemelex Xobeh
Okawaru
Qazlal
Ru
Sif Muna
Trog
Vehumet
Wu Jian
Xom
Yredelemnul
Zin
The Shining One
Beogh
Jiyva
Lugonu

Annotations:
D Dispater


Innate Abilities, Weirdness & Mutations

You have a pair of horns on your head.
You reflexively headbutt those who attack you in melee.


Message History

You block the Hell Sentinel's attack. The Hell Sentinel hits you!
You slice the Hell Sentinel!! You headbutt the Hell Sentinel.
The Hell Sentinel is lightly wounded.
You hit the Hell Sentinel but do no damage.
You hit the Hell Sentinel but do no damage.
The Hell Sentinel is lightly wounded.
You hit the Hell Sentinel but do no damage.
The Hell Sentinel gestures at you. The iron shot hits you!!!
You completely miss the Hell Sentinel. You headbutt the Hell Sentinel!
The Hell Sentinel is lightly wounded.
You slash the Hell Sentinel! You block the Hell Sentinel's attack.
The Hell Sentinel hits you.
* * * LOW HITPOINT WARNING * * *
Dispater gestures at you.
The sphere of damnation explodes!
The damnation engulfs the Hell Sentinel.
The Hell Sentinel completely resists.
The damnation engulfs Dispater.
Dispater completely resists.
The damnation engulfs you!!!
* * * LOW HITPOINT WARNING * * *
You barely miss the Hell Sentinel. You headbutt the Hell Sentinel!
The Hell Sentinel is moderately wounded.
You slash the Hell Sentinel! The Hell Sentinel closely misses you.
You furiously retaliate!
You headbutt the Hell Sentinel!
The Hell Sentinel hits you but does no damage.
You hit the Hell Sentinel.
The Hell Sentinel is moderately wounded.
You slash the Hell Sentinel! You block the Hell Sentinel's attack.
The Hell Sentinel hits you!
* * * LOW HITPOINT WARNING * * *
You open the Hell Sentinel like a pillowcase!!!
You headbutt the Hell Sentinel, but do no damage.
The Hell Sentinel is severely wounded.
You slice the Hell Sentinel!! You slash the Hell Sentinel!
Your headbutt misses the Hell Sentinel.
The Hell Sentinel is almost dead.
You slash the Hell Sentinel! The Hell Sentinel gestures at you.
The iron shot hits you!!!
You die...

#+#
#&#
#1#
#@#
#1#
#.#
#'#
#.#
#'#
#)#
#'#
##.##


You could see Dispater and 2 Hell Sentinels.

Vanquished Creatures
  A royal mummy (D)
  A Tzitzimitl (D)
  A Brimstone Fiend (D)
  A hellephant (D)
  A Hell Sentinel (D)
  A lich (D)
  An Ice Fiend (D)
  A titan (D)
  An acid blob (D)
  A deep elf sorcerer (D)
  A frost giant (D)
  2 ghost moths (D)
  A cacodemon (D)
  2 draconian stormcallers (D)
  An orc warlord (D)
  An eidolon (D)
  A green death (D)
  A fire dragon (D)
  3 naga warriors (D)
  5 vault guards (D)
  An ice dragon (D)
  Erica (D)
  A merfolk avatar (D)
  2 death knights (D)
  A two-headed ogre (D)
  A sun demon (D)
  3 deep elf knights (D)
  A death drake (D)
  2 deep trolls (D)
  A flayed ghost (D)
  2 unseen horrors (D)
  A lindwurm (D)
  A bog body (D)
  A swamp dragon (D)
  6 orc knights (D)
  A wolf spider (D)
  A deep elf pyromancer (D)
  An ugly thing (D)
  2 deep elf zephyrmancers (D)
  4 slime creatures (D)
  A manticore (D)
  An elephant (D)
  A black mamba (D)
  A gargoyle (D)
  2 cane toads (D)
  An efreet (D)
  A komodo dragon (D)
  A hellwing (D)
  2 red devils (D)
  A wandering mushroom (D)
  2 jumping spiders (D)
  A hornet (shapeshifter) (D)
  A merfolk (D)
  2 hornets (D)
  5 dream sheep (D)
  A snapping turtle (D)
  A spriggan (D)
  6 redbacks (D)
  A vampire (D)
  A wyvern (D)
  5 yaks (D)
  A water elemental (D)
  A steam dragon (D)
  Grum (D)
  2 fire elementals (D)
  3 vampire mosquitoes (D)
  5 hell hounds (D)
  A floating eye (D)
  An ice beast (D)
  An orc warrior (D)
  A sky beast (D)
  An ogre (D)
  8 wolves (D)
  A phantom (D)
  3 small abominations (D)
  4 crimson imps (D)
  A jelly (D)
  A gnoll shaman (D)
  2 orc priests (D)
  Crazy Yiuf (D)
  An iguana (D)
  An orc wizard (D)
  A hell rat (D)
  A mummy (D)
  A gnoll (D)
  2 river rats (D)
  A worm (D)
  A leopard gecko (D)
  6 orcs (D)
  A ball python (D)
  A bat skeleton (D)
  A bat zombie (D)
  A giant cockroach (D)
  3 hobgoblins (D)
  3 jackals (D)
  2 kobolds (D)
  2 bats (D)
  A bat simulacrum (D)
169 creatures vanquished.

Vanquished Creatures (collateral kills)
  An orc warlord (D)
  A minotaur (D)
  4 orc knights (D)
  An elephant (D)
  A basilisk (D)
8 creatures vanquished.

Vanquished Creatures (others)
  A deep elf knight (D)
  A tyrant leech (D)
2 creatures vanquished.

Grand Total: 179 creatures vanquished

Notes
Turn   | Place    | Note
-------+----------+-------------------------------------------
     0 | D        | mhtbhm the Minotaur Fighter began the quest for the Orb.
     0 | D        | Reached XP level 1. HP: 19/19 MP: 0/0
    17 | D        | Found a bloodstained altar of Trog.
    17 | D        | Found a shimmering blue altar of Sif Muna.
    17 | D        | Found a viscous altar of Jiyva.
    17 | D        | Found a hazy altar of Hepliaklqana.
    17 | D        | Found an opulent altar of Gozag.
    18 | D        | Found a glowing golden altar of the Shining One.
    18 | D        | Found a glowing silver altar of Zin.
    18 | D        | Found a basalt altar of Yredelemnul.
    18 | D        | Found a shimmering altar of Xom.
    18 | D        | Found an ornate altar of the Wu Jian Council.
    18 | D        | Found a sacrificial altar of Ru.
    18 | D        | Found a stormy altar of Qazlal.
    18 | D        | Found an iron altar of Okawaru.
    18 | D        | Found a sparkling altar of Nemelex Xobeh.
    18 | D        | Found a burning altar of Makhleb.
    18 | D        | Found a blossoming altar of Fedhas.
    18 | D        | Found a white marble altar of Elyvilon.
    18 | D        | Found a shadowy altar of Dithmenos.
    18 | D        | Found a snail-covered altar of Cheibriados.
    20 | D        | Found a radiant altar of Vehumet.
    20 | D        | Found a corrupted altar of Lugonu.
    22 | D        | Became a worshipper of Trog the Wrathful
    67 | D        | Reached * piety under Trog
    83 | D        | Reached skill level 5 in Fighting
    83 | D        | Reached skill level 5 in Armour
    83 | D        | Reached XP level 2. HP: 23/29 MP: 1/1
   150 | D        | Noticed an ogre
   151 | D        | Reached ** piety under Trog
   156 | D        | Killed an ogre
   157 | D        | Reached XP level 3. HP: 38/38 MP: 2/2
   157 | D        | Reached XP level 4. HP: 45/45 MP: 3/3
   160 | D        | Reached skill level 1 in Dodging
   237 | D        | Noticed Crazy Yiuf
   237 | D        | Noticed a sky beast
   238 | D        | Noticed an ice beast
   241 | D        | Reached *** piety under Trog
   244 | D        | Killed Crazy Yiuf
   245 | D        | Reached XP level 5. HP: 52/52 MP: 4/4
   247 | D        | Reached **** piety under Trog
   257 | D        | Killed a sky beast
   259 | D        | Killed an ice beast
   259 | D        | Reached ***** piety under Trog
   260 | D        | Reached XP level 6. HP: 62/62 MP: 5/5
   310 | D        | Noticed an orc warrior
   321 | D        | Killed an orc warrior
   450 | D        | Noticed a merfolk
   463 | D        | Killed a merfolk
   464 | D        | Reached skill level 10 in Armour
   464 | D        | Reached skill level 10 in Shields
   464 | D        | Reached XP level 7. HP: 35/70 MP: 6/6
   647 | D        | Reached skill level 10 in Axes
   754 | D        | Noticed a red devil
   758 | D        | Identified the +11 war axe "Kuiniem" {flame, rF++ Int+2}
                  | (Trog gifted it to you in the Dungeon)
   758 | D        | Received a gift from Trog
   764 | D        | Killed a red devil
   765 | D        | Reached skill level 10 in Fighting
   765 | D        | Reached XP level 8. HP: 79/79 MP: 7/7
   870 | D        | Noticed Grum
   871 | D        | Noticed a gargoyle
   884 | D        | Killed Grum
   884 | D        | Reached ****** piety under Trog
   885 | D        | Killed a gargoyle
  1047 | D        | Noticed a hellwing
  1052 | D        | Killed an unseen horror
  1052 | D        | Received a gift from Trog
  1053 | D        | Reached XP level 9. HP: 89/89 MP: 8/8
  1055 | D        | Killed a hellwing
  1170 | D        | Noticed a jumping spider
  1174 | D        | Killed a jumping spider
  1175 | D        | Reached skill level 15 in Axes
  1196 | D        | Killed a large slime creature
  1202 | D        | Reached XP level 10. HP: 99/99 MP: 9/9
  1326 | D        | Noticed a black mamba
  1329 | D        | Received a gift from Trog
  1330 | D        | Killed a black mamba
  1345 | D        | Noticed a deep troll
  1350 | D        | Killed an unseen horror
  1354 | D        | Killed a deep troll
  1405 | D        | Noticed a lindwurm
  1405 | D        | Noticed a deep troll
  1405 | D        | Noticed Erica
  1412 | D        | Killed a deep troll
  1413 | D        | Reached skill level 5 in Dodging
  1414 | D        | Killed a lindwurm
  1414 | D        | Received a gift from Trog
  1419 | D        | Killed Erica
  1497 | D        | Noticed a deep elf zephyrmancer
  1497 | D        | Noticed a death knight
  1503 | D        | Killed a deep elf zephyrmancer
  1504 | D        | Reached XP level 11. HP: 110/110 MP: 10/10
  1513 | D        | Killed a death knight
  1514 | D        | Reached skill level 15 in Shields
  1895 | D        | Received a gift from Trog
  1898 | D        | Reached skill level 15 in Armour
  1932 | D        | Noticed a flayed ghost
  1933 | D        | Noticed a merfolk avatar
  1942 | D        | Killed a flayed ghost
  1942 | D        | Received a gift from Trog
  1951 | D        | Killed a merfolk avatar
  1957 | D        | Reached skill level 15 in Fighting
  2031 | D        | Noticed a two-headed ogre
  2038 | D        | Received a gift from Trog
  2056 | D        | Received a gift from Trog
  2056 | D        | Killed a two-headed ogre
  2365 | D        | Noticed a wolf spider
  2365 | D        | Noticed a spriggan rider
  2365 | D        | Noticed a purple draconian stormcaller
  2365 | D        | Noticed a death knight
  2365 | D        | Noticed a deep elf sorcerer
  2365 | D        | Noticed a deep elf knight
  2365 | D        | Noticed a deep elf pyromancer
  2365 | D        | Noticed a deep elf zephyrmancer
  2369 | D        | Killed a wolf spider
  2371 | D        | Killed a deep elf pyromancer
  2374 | D        | Killed a death knight
  2379 | D        | Killed a purple draconian stormcaller
  2379 | D        | Received a gift from Trog
  2380 | D        | Reached XP level 12. HP: 124/124 MP: 11/11
  2382 | D        | Killed a deep elf sorcerer
  2395 | D        | HP: 5/125 [deep elf zephyrmancer/bolt of lightning (32)]
  2668 | D        | Killed a ghost moth
  2675 | D        | Received a gift from Trog
  2676 | D        | Noticed a vault guard
  2682 | D        | Killed a vault guard
  2689 | D        | Received a gift from Trog
  2698 | D        | Received a gift from Trog
  2713 | D        | Received a gift from Trog
  2714 | D        | Reached skill level 1 in Throwing
  2726 | D        | Received a gift from Trog
  2771 | D        | Received a gift from Trog
  2782 | D        | Got the +3 ring mail "Ytuurigo" {rN+ Will+ Regen+ Str+4}
  2996 | D        | Noticed a minotaur
  2997 | D        | Noticed an orc warlord
  2997 | D        | Noticed an orc warlord
  3000 | D        | Killed a minotaur
  3003 | D        | Killed an orc warlord
  3004 | D        | Reached XP level 13. HP: 139/139 MP: 12/12
  3013 | D        | Killed an orc warlord
  3083 | D        | Received a gift from Trog
  3103 | D        | Noticed a fire dragon
  3103 | D        | Noticed an eidolon
  3112 | D        | Killed an eidolon
  3112 | D        | Killed a fire dragon
  3267 | D        | Noticed a hellephant
  3273 | D        | Received a gift from Trog
  3283 | D        | Received a gift from Trog
  3285 | D        | Killed a hellephant
  3384 | D        | Found the +8 lance "Wyrmbane" {slay drac, rPois rF+ rC+
                  | AC+3}
  3477 | D        | Noticed a titan
  3485 | D        | Killed a titan
  3534 | D        | Noticed a purple draconian stormcaller
  3539 | D        | Killed a purple draconian stormcaller
  3576 | D        | Noticed a Brimstone Fiend
  3586 | D        | Killed a Brimstone Fiend
  3587 | D        | Reached XP level 14. HP: 99/155 MP: 13/13
  3612 | D        | Noticed a cacodemon
  3617 | D        | Killed a cacodemon
  3617 | D        | Received a gift from Trog
  3618 | D        | Found the +14 obsidian axe {vorpal, *Drain +Fly SInv}
  3623 | D        | Noticed a royal mummy
  3632 | D        | Killed a royal mummy
  3756 | D        | Noticed an Ice Fiend
  3756 | D        | Noticed a Hell Sentinel
  3756 | D        | Noticed a lich
  3766 | D        | Reached skill level 10 in Dodging
  3766 | D        | Received a gift from Trog
  3768 | D        | Killed a lich
  3776 | D        | Killed a Hell Sentinel
  3781 | D        | Killed an Ice Fiend
  3826 | D        | Noticed a Tzitzimitl
  3834 | D        | Killed a Tzitzimitl
  3983 | D        | Killed a ghost moth
  3983 | D        | Received a gift from Trog
  4001 | D        | Noticed an acid blob
  4006 | D        | Killed an acid blob
  4040 | D        | Noticed a frost giant
  4045 | D        | Killed a frost giant
  4048 | D        | Found the +4 staff of Dispater
  4048 | D        | Noticed Dispater
  4052 | D        | Noticed a Hell Sentinel
  4053 | D        | Noticed a Hell Sentinel
  4065 | D        | Killed from afar by a Hell Sentinel

Illustrated notes

Levels and vault maps discovered:
D:        pitsprint [storerooms_1, entrance_room_1, metal_vault_2, armoury_2,
          mini_pit_1, grid_room_1, main_hall_1, silver_pit, the_coven_1,
          the_vestibule_1, steel_vault_5, golden_pit, hallway_of_sentries,
          crystal_vault_4, iron_vault_4, final_vault]

Skill      XL: |  1  2  3  4  5  6  7  8  9 10 11 12 13 14 |
---------------+-------------------------------------------+-----
Fighting       | 5 6 7 8 9 10 11 12 14 16 19 22 24 | 24.7
Armour         | 5 7 9 10 12 13 14 16 17 18 | 18.6
Shields        | 4 6 7 9 10 12 13 14 16 18 20 22 | 22.4
Axes           | 3 4 7 9 11 14 15 17 19 21 23 24 | 24.8
Dodging        | 1 2 3 4 5 7 9 11 | 11.2
Throwing       | 1 3 |  3.8
Stealth        | |  0.3

Action                   |  1- 3 |  4- 6 |  7- 9 | 10-12 | 13-15 || total
-------------------------+-------+-------+-------+-------+-------++-------
Melee: Hand axe          |    18 |    44 |    20 |       |       ||    82
       Headbutt          |     5 |     7 |     9 |    30 |    42 ||    93
       War axe           |     3 |       |    34 |   172 |   134 ||   343
Throw: Throwing net      |       |       |       |     1 |       ||     1
       Javelin           |       |       |       |       |     5 ||     5
Invok: Berserk           |     1 |     1 |     4 |     7 |     9 ||    22
       Brothers in Arms  |       |       |       |     5 |       ||     5
       Trog's Hand       |       |       |       |     1 |     2 ||     3
  Use: Potion            |       |       |       |     6 |     5 ||    11
       Scroll            |       |       |       |       |     2 ||     2
 Stab: Invisible         |       |       |       |       |     5 ||     5
Armor: Scale mail        |     8 |       |       |       |       ||     8
       Chain mail        |       |    14 |    17 |    69 |       ||   100
       Ring mail         |       |       |       |       |    36 ||    36
Dodge: Dodged            |     6 |     9 |    11 |    45 |    27 ||    98
Block: Kite shield       |    10 |    12 |    35 |    94 |    80 ||   231

Table legend: (Time is in decaauts)
 A = Elapsed time spent in this place.
 B = Non-inter-level travel time spent in this place.
 C = Inter-level travel time spent in this place.
 D = Time resting spent in this place.
 E = Time spent auto-exploring this place.
 F = Levels seen in this place.
 G = Mean time per level.
                   A        B        C        D        E       F      G
               +--------+--------+--------+--------+--------+-----+--------+
         Total |   4189 |   4189 |      0 |   2436 |     26 |   1 | 4189.0 |
       Dungeon |   4189 |   4189 |      0 |   2436 |     26 |   1 | 4189.0 |
               +--------+--------+--------+--------+--------+-----+--------+

Top non-repeatable levels by time:
       D: 4189 daAuts
